 Dungeon Crawl Stone Soup version 0.31-a0-233-g139696dc86 (webtiles) character file.

Game seed: 12356343231563321544

80 qw the Shooter (level 4, -1/26 HPs)
             Began as a Gargoyle Hexslinger on July 7, 2023.
             Slain by a gnoll
             ... wielding a +0 spear
              (3 damage)
             ... on level 2 of the Dungeon.
             The game lasted 00:00:33 (1044 turns).

qw the Shooter (Gargoyle Hexslinger)                Turns: 1044, Time: 00:00:33

Health: -1/26      AC:  8    Str: 11      XL:     4   Next: 39%
Magic:  5/5        EV: 10    Int: 14      God:
Gold:   82         SH:  0    Dex: 13 (14) Spells: 4/5 levels left

rFire   . . .        Y - +1 sling
rCold   . . .        (no shield)
rNeg    + . .        e - +0 ring mail
rPois   inf          (no helmet)
rElec   +            (no cloak)
rCorr   .            (no gloves)
SInv    .            (no boots)
Will    .....        (no amulet)
Stlth   +            (no ring)
HPRegen 0.24/turn    (no ring)
MPRegen 0.09/turn

%: no passive effects
@: no status effects
A: sickness immunity, AC +3, negative energy resistance 1, electricity
resistance, torment resistance 1, petrification resistance
a: no special abilities


You were on level 2 of the Dungeon.
You visited 1 branch of the dungeon, and saw 2 of its levels.

You collected 82 gold pieces.


Innate Abilities, Weirdness & Mutations

You are immune to sickness and miasma.
Your stone body is resilient. (AC +3)
You are immune to poison.
You resist negative energy. (rN+)
You are resistant to electric shocks. (rElec)
You are resistant to unholy torment.
You are immune to petrification.


   Skills:
 - Level 2.0 Fighting
 + Level 4.0 Ranged Weapons
 - Level 1.0 Armour
 - Level 1.5 Dodging
 - Level 1.0 Spellcasting
 - Level 2.6 Hexes


You had 4 spell levels left.
You knew the following spells:

 Your Spells              Type           Power      Damage    Failure   Level
a - Slow                  Hex            32%        N/A       21%         1

Your spell library contained the following spells:

 Spells                   Type           Power      Damage    Failure   Level
 Inner Flame              Hex/Fire       4%         N/A       71%         3
 Portal Projectile        Hex/Tloc       8%         N/A       71%         3
 Cause Fear               Hex            4%         N/A       90%         4

Inventory:

Hand Weapons
 Y - a +1 sling (weapon)
Armour
 c - the +2 pair of boots of the Great Game {rF+ Stlth+}
   (You found it on level 2 of the Dungeon)

   rF:        It protects you from fire.
   Stlth:     It makes you more stealthy.
 e - a +0 ring mail (worn)
Jewellery
 b - an amulet of magic regeneration
Scrolls
 f - a scroll of identify {unknown}
 h - a scroll of butterflies {unknown}
Potions
 a - a potion of haste {unknown}
 d - a potion of might {unknown}
 g - a potion of magic {unknown}

Dungeon Overview and Level Annotations

Branches:
Dungeon (2/15)

Altars:
The Shining One

Annotations:
D:2 exclusion: gnoll


Message History

You shoot a sling bullet. The sling bullet hits the gnoll.
The gnoll is lightly wounded.
You shoot a sling bullet. The sling bullet hits the gnoll.
The gnoll is heavily wounded.
You shoot a sling bullet.
The sling bullet barely misses the gnoll.
You shoot a sling bullet.
The sling bullet closely misses the gnoll.
The gnoll hits you from afar with a +0 spear.
You shoot a sling bullet.
The sling bullet barely misses the gnoll.
The gnoll hits you from afar with a +0 spear.
The gnoll hits you but does no damage.
You shoot a sling bullet. The sling bullet hits the gnoll.
The gnoll is severely wounded.
The gnoll hits you from afar with a +0 spear.
You shoot a sling bullet.
The sling bullet barely misses the gnoll.
The gnoll closely misses you.
You shoot a sling bullet.
The sling bullet hits the gnoll but does no damage.
The gnoll is severely wounded.
The gnoll hits you from afar with a +0 spear!
The gnoll hits you from afar with a +0 spear.
Enter note:
Enter note:
Enter note:
1040 ||| UPGRADING to +2 pair of boots of the Great Game {rF+ Stlth+}.
The gnoll hits you from afar with a +0 spear.
Keep equipping yourself?
You start putting on your armour.
You continue putting on the +2 pair of boots of the Great Game {rF+ Stlth+}.
The gnoll hits you but does no damage.
You continue putting on the +2 pair of boots of the Great Game {rF+ Stlth+}.
The gnoll barely misses you.
You continue putting on the +2 pair of boots of the Great Game {rF+ Stlth+}.
The gnoll closely misses you.
You continue putting on the +2 pair of boots of the Great Game {rF+ Stlth+}.
The gnoll hits you from afar with a +0 spear.
You die...

+...........###).#
#...........#..)##
##...........#.###
.#....>......#.#
...............#
#..####.###..###
#....).##..##
#..######'##########
#..####......g.@...#
#..................#
#.###..#...........#
#.....>#...........#
########...........#
#...........#
#...........#
#...........#
#...........#


You could see a gnoll.

Vanquished Creatures
  3 gnolls (D:2)
  An adder (D:2)
  5 endoplasms (D:1)
  A giant cockroach (D:1)
  5 goblins
  2 hobgoblins (D:1)
  3 jackals (D:1)
  3 ball pythons
  3 bats (D:1)
  3 frilled lizards (D:1)
  6 kobolds
  7 rats
42 creatures vanquished.

Notes
Turn   | Place    | Note
-------+----------+-------------------------------------------
     0 | D:1      | qw the Gargoyle Hexslinger began the quest for the Orb.
     0 | D:1      | Reached XP level 1. HP: 12/12 MP: 2/2
     0 | D:1      | 0 ||| qw: Version: 0.3-a-46-gb1f654a
     0 | D:1      | 0 ||| qw: Game counter: 3330
     0 | D:1      | 0 ||| qw: Melee chars always use a shield: true
     0 | D:1      | 0 ||| qw: God list: Okawaru
     0 | D:1      | 0 ||| qw: Allow faded altars: false
     0 | D:1      | 0 ||| qw: Do Orc after clearing Dungeon:15 true
     0 | D:1      | 0 ||| qw: Do second Lair branch before Depths: true
     0 | D:1      | 0 ||| qw: Lair rune preference: random
     0 | D:1      | 0 ||| qw: Goals: Normal
     0 | D:1      | 0 ||| PLANNING D:1-11
   367 | D:1      | Reached XP level 2. HP: 16/16 MP: 3/3
   413 | D:1      | Reached skill level 3 in Ranged Weapons
   559 | D:1      | Reached XP level 3. HP: 16/21 MP: 4/4
   718 | D:1      | 718 ||| UPGRADING to +0 ring mail.
   728 | D:1      | 728 ||| DROPPING +0 robe.
   729 | D:1      | 729 ||| READING scroll labelled HEIGELOEPO.
   730 | D:1      | 730 ||| READING scroll labelled LAS DEMEUR NADGH.
   731 | D:1      | 731 ||| DRINKING 2 coppery potions.
   732 | D:1      | 732 ||| DROPPING scroll of poison.
   733 | D:1      | 733 ||| DROPPING potion of degeneration.
   813 | D:2      | Found a glowing golden altar of the Shining One.
   900 | D:2      | Reached skill level 4 in Ranged Weapons
   900 | D:2      | Reached XP level 4. HP: 17/26 MP: 5/5
   900 | D:2      | 900 ||| FLEEEEING.
   910 | D:2      | Reached skill level 1 in Armour
   980 | D:2      | 980 ||| Stepping ~*~*~tactically~*~*~ (outnumbered).
  1009 | D:2      | Identified the +2 pair of boots of the Great Game {rF+
                  | Stlth+}
  1039 | D:2      | HP: 6/26 [gnoll/+0 spear (2)]
  1040 | D:2      | 1040 ||| UPGRADING to +2 pair of boots of the Great Game
                  | {rF+ Stlth+}.
  1040 | D:2      | HP: 1/26 [gnoll/+0 spear (5)]
  1044 | D:2      | Slain by a gnoll

Levels and vault maps discovered:
D:1:      dpeg_arrival_circle_labyrinth_a, layout_basic
D:2:      layout_basic, basic_altar, kennysheep_generic_room_4

Skill      XL: |  1  2  3  4 |
---------------+-------------+-----
Ranged Weapons | 3 4 |  4.0
Fighting       | 2 |  2.0
Armour         | 1 |  1.0
Dodging        | |  1.5
Spellcasting   | |  1.0
Hexes          | |  2.6

Action                     |  1- 3 |  4- 6 || total
---------------------------+-------+-------++-------
   Fire: Sling             |   119 |    31 ||   150
    Use: Scroll            |     2 |       ||     2
         Potion            |     1 |       ||     1
 Armour: Robe              |     9 |       ||     9
         Ring mail         |    21 |    11 ||    32
  Dodge: Dodged            |    51 |    19 ||    70

Table legend:
 A = Non-vault XP
 B = Vault XP
 C = Vault XP percentage of total XP
 D = Non-vault monster count
 E = Vault monster count
 F = Vault count percentage of total count
                 A         B        C        D         E       F
            +---------+---------+-------+---------+---------+-------
      Total |     115 |       0 |   0.0 |      42 |       0 |   0.0
            +---------+---------+-------+---------+---------+-------
        D:1 |      45 |       0 |   0.0 |      29 |       0 |   0.0
        D:2 |      70 |       0 |   0.0 |      13 |       0 |   0.0
            +---------+---------+-------+---------+---------+-------
